 Dungeon Crawl Stone Soup version 0.19.1-1-g22dce08 (webtiles) character file.

322190 Jaskiniowiec the Eclecticist (level 21, -6/131 HPs)
             Began as a Gargoyle Earth Elementalist on Jan 5, 2017.
             Was the Champion of Vehumet.
             Killed from afar by Margery (71 damage)
             ... with a fireball
             ... on level 2 of the Vaults on Jan 6, 2017.
             The game lasted 05:19:09 (84195 turns).

Jaskiniowiec the Eclecticist (GrEE)                Turns: 84195, Time: 05:19:16

Health: -6/131     AC: 33    Str: 17    XL:     21   Next: 54%
Magic:  8/43       EV: 17    Int: 29    God:    Vehumet [******]
Gold:   1810       SH:  3    Dex: 10    Spells: 10 memorised, 10 levels left

rFire  . . .     SeeInvis .     S - +7 quarterstaff "Qocheon" {freeze, rN+}
rCold  . . .     Gourm    .     c - +2 robe {MR+}
rNeg   + + .     Faith    .     (shield currently unavailable)
rPois  ∞         Spirit   .     q - +2 helmet
rElec  +         Reflect  +     s - +2 cloak
rCorr  .         Harm     .     u - +2 pair of gloves
MR     ++...                    n - +2 pair of boots
Stlth  ++........               N - +3 amulet of reflection
                                F - +4 ring of strength
                                T - +4 ring of intelligence

@: flying, very slightly contaminated
A: big wings, negative energy resistance 1, sense surroundings 1, electricity
resistance, unbreathing, petrification resistance, rot immunity, AC +15
a: Stop Flying, Renounce Religion
}: 2/15 runes: barnacled, gossamer


You were on level 2 of the Vaults.
You worshipped Vehumet.
Vehumet was exalted by your worship.
You were hungry.

You visited 8 branches of the dungeon, and saw 35 of its levels.
You also visited: Ossuary.

You collected 3433 gold pieces.
You spent 1623 gold pieces at shops.

Inventory:

Hand Weapons
 b - a +2 great mace of draining
 S - the +7 quarterstaff "Qocheon" (weapon) {freeze, rN+}
   (You found it on level 10 of the Dungeon)

   It has been specially enchanted to freeze those struck by it, causing extra
   injury to most foes and up to half again as much damage against particularly
   susceptible opponents.
   It can also slow down cold-blooded creatures.
   It protects you from negative energy.
Missiles
 k - 24 stones (quivered)
Armour
 c - a +2 robe of magic resistance (worn)
 n - a +2 pair of boots (worn)
 q - a +2 helmet (worn)
 s - a +2 cloak (worn)
 u - a +2 pair of gloves (worn)
 O - a +2 robe of positive energy
Magical Staves
 g - an uncursed staff of power
Rods
 L - a +6 rod of ignition (14/14)
   (You took it off an orc on level 12 of the Dungeon)
Jewellery
 l - an uncursed amulet of harm {unknown}
 F - a +4 ring of strength (right hand)
 N - a +3 amulet of reflection (around neck)
 T - a +4 ring of intelligence (left hand)
Wands
 e - a wand of digging (12/24)
 o - a wand of digging (11/24)
 p - a wand of acid (0/15)
 v - a wand of acid (4/15)
 J - a wand of disintegration (11/24)
 Q - a wand of heal wounds (3/9)
 R - a wand of teleportation (1/9)
Scrolls
 r - a scroll of enchant weapon
 x - 6 scrolls of remove curse
 y - 2 scrolls of teleportation
 A - a scroll of amnesia
 C - a scroll of blinking
 E - 4 scrolls of fog
 G - 7 scrolls of recharging
 K - 2 scrolls of magic mapping
 M - 2 scrolls of summoning
 W - 2 scrolls of fear
 X - a scroll of holy word
 Z - 3 scrolls of immolation
Potions
 f - 2 potions of heal wounds
 m - 14 potions of curing
 w - 9 potions of brilliance
 z - 4 potions of ambrosia
 B - a potion of cancellation
 U - a potion of haste
Books
 a - a book of the Earth

   Spells                             Type                      Level
   a - Leda's Liquefaction            Hexes/Earth                  4
   b - Bolt of Magma                  Conjuration/Fire/Earth       5
   c - Statue Form                    Transmutation/Earth          6
   d - Iron Shot                      Conjuration/Earth            6
   e - Shatter                        Earth                        9
 j - a book of the Tempests

   Spells                             Type                      Level
   a - Static Discharge               Conjuration/Air              3
   b - Lightning Bolt                 Conjuration/Air              5
   c - Fireball                       Conjuration/Fire             5
   d - Tornado                        Air                          9
   e - Shatter                        Earth                        9
Comestibles
 d - 4 bread rations
 i - 20 meat rations


   Skills:
 + Level 13.7 Fighting
 - Level 8.9(10.4) Maces & Flails
 + Level 8.9(10.4) Staves
 - Level 8.0 Armour
 + Level 11.3 Dodging
 - Level 2.1 Stealth
 * Level 18.1 Spellcasting
 + Level 14.9 Conjurations
   Level 0.7 Transmutations
 + Level 12.8 Fire Magic
 + Level 16.5 Earth Magic


You had 10 spell levels left.
You knew the following spells:

 Your Spells              Type           Power        Failure   Level  Hunger
a - Sandblast             Erth           ######       0%          1    None
b - Stone Arrow           Conj/Erth      ######       0%          3    None
c - Lee's Rapid Deconstr  Erth           #######...   1%          5    None
d - Fireball              Conj/Fire      #######...   1%          5    None
e - Bolt of Draining      Conj/Necr      ######....   1%          5    None
f - Orb of Destruction    Conj           #######...   1%          7    ####...
g - Mephitic Cloud        Conj/Pois/Air  ######..     1%          3    None
h - Poison Arrow          Conj/Pois      ######....   3%          6    ##.....
i - Iron Shot             Conj/Erth      #######...   1%          6    ##.....
j - Bolt of Magma         Conj/Fire/Erth #######...   1%          5    None


Dungeon Overview and Level Annotations

Branches:
Dungeon (15/15)            Temple (1/1) D:6            Lair (6/6) D:10
 Shoals (4/4) Lair:4       Spider (4/4) Lair:3        Slime (0/5) Lair:5
    Orc (2/2) D:9             Elf (0/3) Orc:2        Vaults (2/5) D:13
  Crypt (0/3) Vaults:2     Depths (1/5) D:15

Altars:
Ashenzari
Cheibriados
Dithmenos
Elyvilon
Fedhas
Gozag
Hepliaklqana
Kikubaaqudgha
Makhleb
Nemelex Xobeh
Okawaru
Qazlal
Ru
Sif Muna
Trog
Uskayaw
Vehumet
Xom
Yredelemnul
Zin
The Shining One
Beogh
Jiyva

Shops:
D:4 [   D:12 (}*=   D:14 *?*   Orc:2 *[(=   Vaults:2 *

Annotations:
Vaults:2 Margery


Innate Abilities, Weirdness & Mutations

You are resistant to torment.
Your stone body is resilient. (AC +15)
You are immune to poison.
Your large and strong wings let you fly indefinitely.
You resist negative energy. (rN+)
You are resistant to electric shocks. (rElec)
You can survive without breathing.
You are immune to petrification.
You are immune to rotting.
You passively map a small area around you.


Message History

Press: ? - help, Shift-Dir - straight line, f/p - Margery
Aim: Margery, wielding a battleaxe of flaming and wearing glowing mottled dragon scales (moderately wounded, poisoned, lightly drained)
The poison arrow hits Margery.
Margery looks as sick as possible!
Margery is heavily wounded.
Margery throws some purple powder towards you.
Margery gestures at you while chanting. The bolt of fire hits you!
Casting: Poison Arrow
Confirm with . or Enter, or press ? or * to list all spells.
Aiming: Poison Arrow
Press: ? - help, Shift-Dir - straight line, f/p - Margery
Aim: Margery, wielding a battleaxe of flaming and wearing glowing mottled dragon scales (heavily wounded, poisoned, lightly drained)
The poison arrow hits Margery.
Margery looks as sick as possible!
Margery is almost dead.
The necromancer mumbles some strange words.
The necromancer binds the souls of nearby monsters.
Margery gestures at you while chanting.
The fireball explodes!
The fireball engulfs you!
Ouch! That really hurt!
You die...

...##....o.....########...##...##
##.##....##....#.)...##..#####'##
##.##....##..[.#.#...##..#......#
...##....T.....#)#)..##..#......'
##.##.##....##)p.[[..##..#.......
##.#*.##....##)#p##..##..#......#
...##..........#@##..##..#......#
#####....##....#..)#.##..#......#
#....##....#@....##..#......#
#..........#.....##..#......#
############.....##..#......#
#..##.##..#......#
#########..##.##..########
#.......#.....##..........
#.......'...#.##..........
#.......'.#.#.##..........
#.......#.....##..........


You could see Margery and 2 necromancers.

Vanquished Creatures
  Bai Suzhen (Vaults:2)
  Jorgrun (Shoals:2)
  Polyphemus (Shoals:3)
  A kraken (Shoals:3)
  Gastronok (Lair:2)
  Roxanne (Spider:3)
  Ilsuiw (Shoals:4)
  2 orc warlords (Orc:2)
  Aizul (Vaults:1)
  8 emperor scorpions
  7 vault wardens
  A ghost moth (Spider:4)
  10 ironheart preservers
  3 stone giants
  9 entropy weavers
  Nessos (D:14)
  A dire elephant (D:15)
  5 merfolk javelineers
  A great orb of eyes (shapeshifter) (Vaults:1)
  5 merfolk impalers
  A great orb of eyes (Vaults:1)
  2 fire dragons (Vaults:2)
  4 yaktaur captains
  Fannar (D:12)
  6 vault guards
  8 hydras
  2 ice dragons (Vaults:2)
  5 merfolk avatars
  3 catoblepae
  Erica (D:10)
  The ghost of retryentry the Grappler, a journeyman VSFi of Ru (Lair:4)
  4 merfolk aquamancers
  2 centaur warriors
  An alligator snapping turtle (Shoals:4)
  A death knight (Vaults:2)
  An alligator snapping turtle (shapeshifter) (D:15)
  4 satyrs
  A tengu warrior (D:13)
  A queen ant (shapeshifter) (Vaults:1)
  9 ogre magi
  2 deep troll earth magi
  2 deep troll shamans (Vaults:1)
  A vampire mage (Vaults:2)
  3 orc high priests (Orc:2)
  Urug (Lair:3)
  3 hell knights (Vaults:2)
  27 death yaks
  A skeletal warrior (Vaults:2)
  6 deep elf knights
  18 sea snakes
  A death drake (shapeshifter) (Vaults:1)
  4 unseen horrors
  12 deep trolls
  Pikel (D:4)
  15 orc knights
  5 ironbrand convokers
  A deep elf archer (Vaults:1)
  3 wizards
  9 hill giants
  2 necromancers (Vaults:2)
  The ghost of cuckmaster the Grappler, a novice TrCK of Xom (D:7)
  2 oklob plants (Spider:2)
  3 wolf spider zombies
  3 deep elf magi
  50 wolf spiders
  14 harpies
  A salamander (D:15)
  33 ugly things
  25 orb spiders
  12 manticores
  17 fauns
  11 cyclopes
  17 elephants
  3 orc sorcerers
  3 moths of wrath
  11 sirens
  3 torpor snails
  6 black mambas
  6 water nymphs
  Psyche (D:9)
  7 vault sentinels
  16 spiny frogs
  2 rime drakes
  A kobold demonologist (D:14)
  3 freezing wraiths
  19 yaktaurs
  13 demonic crawlers
  8 komodo dragons
  2 harpy zombies
  5 polar bears
  9 trolls
  13 two-headed ogres
  33 merfolk
  A tengu conjurer (D:15)
  A wind drake (shapeshifter) (Vaults:1)
  3 wind drakes
  57 jumping spiders
  17 hornets
  16 blink frogs
  9 snapping turtles
  11 hippogriffs
  4 dream sheep
  30 slime creatures
  3 shadows
  111 redbacks
  8 water elementals
  A wyvern (Lair:5)
  12 spriggans
  48 tarantellas
  The ghost of senny the Ruffian, an amateur TrMo (D:4)
  A vampire (D:15)
  65 yaks
  A centaur simulacrum (D:14)
  2 wraiths
  9 basilisks
  Eustachio (D:5)
  A human (shapeshifter) (Vaults:1)
  A steam dragon (Lair:3)
  2 hungry ghosts (D:13)
  8 vampire mosquitoes
  2 human simulacra (Vaults:1)
  2 mottled dragons
  6 wargs
  A soldier ant (D:15)
  10 water moccasins
  Duvessa (D:4)
  49 orc warriors
  4 ice beasts
  10 porcupines
  A hornet zombie (D:11)
  5 sky beasts
  The ghost of senny the Chucker, an amateur OgHu (D:3)
  4 slaves
  3 phantoms
  3 black bears
  A necrophage (D:10)
  An ettin simulacrum (Vaults:1)
  14 centaurs
  45 ogres
  An eye of draining (D:8)
  29 wolves
  11 boggarts
  20 crocodiles
  5 big kobolds
  An elf zombie (Ossuary)
  23 bullfrogs
  Blork the orc (D:5)
  A wyvern zombie (D:13)
  A gnoll sergeant (D:7)
  Dowan (D:4)
  An elf skeleton (D:5)
  A wyvern skeleton (D:14)
  5 scorpions
  17 killer bees
  4 wights (D:8)
  5 electric eels
  3 howler monkeys
  7 centaur zombies
  11 crimson imps
  A bullfrog zombie (D:4)
  A quasit (D:9)
  Crazy Yiuf (D:7)
  5 hounds
  3 bullfrog skeletons
  4 centaur skeletons
  3 jellies
  21 orc priests
  25 orc wizards
  7 iguanas
  3 human skeletons (D:5)
  Ijyb (D:3)
  Natasha (D:4)
  18 worker ants
  A killer bee zombie (D:7)
  2 hound zombies
  A hound skeleton (D:4)
  3 mummies (Ossuary)
  4 worker ant zombies
  Robin (D:4)
  A howler monkey skeleton (D:4)
  18 gnolls
  14 adders
  4 shadow imps
  2 oozes
  An adder skeleton (D:9)
  2 adder zombies (D:4)
  4 worms (D:3)
  3 dart slugs
  10 leopard geckos
  99 orcs
  4 giant cockroaches
  21 goblins
  10 hobgoblins
  19 jackals
  5 quokkas
  6 bats
  5 frilled lizards
  A giant cockroach zombie (D:4)
  2 goblin zombies (Ossuary)
  2 hobgoblin zombies (Ossuary)
  21 kobolds
  A kobold zombie (Ossuary)
  A leopard gecko zombie (D:7)
  An orc skeleton (D:5)
  An orc zombie (D:5)
  A quokka skeleton (D:9)
  2 quokka zombies
  17 rats
  4 fungi (Orc:2)
  7 plants
  2 tentacles (Shoals:3)
1721 creatures vanquished.

Vanquished Creatures (others)
  A cyclops (D:12)
  2 orcs
  A bush (Lair:5)
  36 fungi
  41 plants
  3 tentacles (Shoals:3)
  A withered plant (Shoals:3)
85 creatures vanquished.

Grand Total: 1806 creatures vanquished

Notes
Turn   | Place    | Note
-------+----------+-------------------------------------------
     0 | D:1      | Jaskiniowiec the Gargoyle Earth Elementalist began the quest for the Orb.
     0 | D:1      | Reached XP level 1. HP: 10/10 MP: 3/3
   442 | D:1      | Reached XP level 2. HP: 15/15 MP: 1/5
  1413 | D:1      | Reached skill level 3 in Spellcasting
  1560 | D:1      | Reached XP level 3. HP: 9/19 MP: 4/7
  1565 | D:1      | Learned a level 3 spell: Stone Arrow
  1976 | D:2      | Reached XP level 4. HP: 19/24 MP: 7/9
  2163 | D:2      | Found an ancient bone altar of Kikubaaqudgha.
  2326 | D:3      | Reached skill level 1 in Conjurations
  2823 | D:3      | Noticed senny's ghost (amateur OgHu)
  3324 | D:3      | Reached skill level 4 in Spellcasting
  3354 | D:3      | Reached XP level 5. HP: 25/28 MP: 6/11
  3361 | D:3      | Learned a level 5 spell: Lee's Rapid Deconstruction
  3579 | D:3      | Noticed Ijyb
  3585 | D:3      | Killed Ijyb
  3635 | D:3      | Killed senny's ghost
  3635 | D:3      | Reached skill level 5 in Earth Magic
  3635 | D:3      | Reached XP level 6. HP: 32/32 MP: 7/13
  4438 | D:4      | Noticed Pikel
  4438 | D:4      | Noticed a slave
  4438 | D:4      | Noticed Duvessa
  4438 | D:4      | Noticed Dowan
  4438 | D:4      | Noticed Robin
  4440 | D:4      | Noticed a slave
  4520 | D:4      | Noticed a slave
  4538 | D:3      | Killed a slave
  4652 | D:4      | Reached skill level 5 in Spellcasting
  4950 | D:4      | Noticed senny's ghost (amateur TrMo)
  4960 | D:4      | Reached XP level 7. HP: 36/36 MP: 14/14
  5885 | D:4      | Killed senny's ghost
  5885 | D:4      | Reached skill level 6 in Spellcasting
  6047 | D:4      | Killed Robin
  6316 | D:4      | Killed Duvessa
  6316 | D:4      | Reached XP level 8. HP: 41/41 MP: 4/17
  7152 | D:4      | Killed Pikel
  7152 | D:4      | Reached skill level 7 in Spellcasting
  7152 | D:4      | Reached skill level 5 in Conjurations
  7303 | D:4      | Found a sacrificial altar of Ru.
  7329 | D:4      | Found Coxenise's Armour Shoppe.
  7392 | D:4      | Killed Dowan
  7522 | D:4      | Found a snail-covered altar of Cheibriados.
  7593 | D:4      | Noticed Natasha
  7600 | D:4      | Killed Natasha
  7881 | D:4      | Reached XP level 9. HP: 28/45 MP: 20/20
  7997 | D:5      | Entered Level 5 of the Dungeon
  8011 | D:5      | Reached skill level 8 in Spellcasting
  8197 | D:5      | Noticed Blork the orc
  8201 | D:5      | Killed Blork the orc
  8224 | D:5      | Noticed Eustachio
  8241 | D:5      | Killed Eustachio
  8319 | D:5      | Found a sand-covered staircase.
  8331 | Ossuary  | Entered an ossuary
  9952 | D:6      | Learned a level 5 spell: Fireball
 10385 | D:6      | Found a staircase to the Ecumenical Temple.
 10399 | Temple   | Entered the Ecumenical Temple
 10430 | Temple   | Became a worshipper of Vehumet
 10943 | D:6      | Reached skill level 1 in Fighting
 10943 | D:6      | Reached skill level 1 in Armour
 10943 | D:6      | Reached skill level 9 in Spellcasting
 10967 | D:7      | Reached skill level 1 in Fire Magic
 11175 | D:7      | Noticed cuckmaster's ghost (novice TrCK)
 11191 | D:7      | Killed cuckmaster's ghost
 11191 | D:7      | Reached skill level 1 in Maces & Flails
 11191 | D:7      | Reached XP level 10. HP: 32/53 MP: 3/23
 11515 | D:7      | Found an iron altar of Okawaru.
 11515 | D:7      | Found a hide-covered altar of Uskayaw.
 12048 | D:7      | Found a runed door.
 12052 | D:7      | Noticed Crazy Yiuf
 12054 | D:7      | Killed Crazy Yiuf
 12311 | D:8      | Found an iron altar of Okawaru.
 12334 | D:8      | Reached * piety under Vehumet
 12334 | D:8      | Offered knowledge of Sting by Vehumet.
 14390 | D:9      | Noticed Psyche
 14605 | D:9      | Killed Psyche
 15169 | D:9      | Found a burning altar of Makhleb.
 15175 | D:9      | Offered knowledge of Shock by Vehumet.
 15184 | D:9      | Noticed a blizzard demon
 15195 | D:9      | Found a glowing silver altar of Zin.
 15196 | D:9      | Noticed an angel
 15221 | D:9      | Reached ** piety under Vehumet
 15425 | D:9      | Reached XP level 11. HP: 60/60 MP: 17/24
 15721 | D:9      | Found a staircase to the Orcish Mines.
 15723 | D:9      | Reached skill level 10 in Spellcasting
 15723 | D:9      | Offered knowledge of Static Discharge by Vehumet.
 16037 | D:9      | Found a glowing golden altar of the Shining One.
 16105 | D:9      | Reached *** piety under Vehumet
 17107 | D:10     | Entered Level 10 of the Dungeon
 17135 | D:10     | Noticed a death yak
 17136 | D:10     | Found a staircase to the Lair.
 17144 | D:10     | Killed a death yak
 17259 | D:10     | Got a crude quarterstaff
 17262 | D:10     | Identified the +7 quarterstaff "Qocheon" {freeze, rN+} (You found it on level 10 of the Dungeon)
 17354 | D:10     | Noticed Erica
 17389 | D:10     | Killed Erica
 17797 | D:10     | Offered knowledge of Dazzling Spray by Vehumet.
 18017 | D:10     | Reached skill level 5 in Fire Magic
 18740 | D:11     | Reached XP level 12. HP: 50/67 MP: 26/26
 18944 | D:11     | Reached **** piety under Vehumet
 19019 | D:11     | Reached skill level 5 in Armour
 19026 | D:11     | Reached skill level 10 in Earth Magic
 19370 | D:11     | Offered knowledge of Bolt of Draining by Vehumet.
 19380 | D:11     | Learned a level 5 spell: Bolt of Draining
 19458 | D:11     | Noticed an eight-headed hydra
 19464 | D:11     | Killed an eight-headed hydra
 19464 | D:11     | Reached skill level 5 in Fighting
 19816 | D:11     | Noticed a five-headed hydra
 19822 | D:11     | Killed a five-headed hydra
 20210 | D:11     | Reached skill level 11 in Spellcasting
 20720 | Lair:1   | Entered Level 1 of the Lair of Beasts
 21337 | Lair:1   | Reached skill level 5 in Maces & Flails
 22234 | Lair:1   | Reached skill level 5 in Dodging
 22745 | Lair:2   | Reached XP level 13. HP: 74/74 MP: 17/28
 23170 | Lair:2   | Noticed Gastronok
 23189 | Lair:2   | Killed Gastronok
 23707 | Lair:3   | Identified a +1 rod of clouds (9/9) (You found it on level 3 of the Lair of Beasts)
 23973 | Lair:3   | Noticed Urug
 23979 | Lair:3   | Killed Urug
 24092 | Lair:3   | Found a hole to the Spider Nest.
 24883 | Lair:4   | Reached ***** piety under Vehumet
 25002 | Lair:4   | Offered knowledge of Freezing Cloud by Vehumet.
 25505 | Lair:4   | Noticed retryentry's ghost (journeyman VSFi)
 25523 | Lair:4   | Killed retryentry's ghost
 25866 | Lair:4   | HP: 2/76 [torpor snail (18)]
 26133 | Lair:4   | Reached skill level 12 in Spellcasting
 27404 | Lair:4   | Gained mutation: Your large and strong wings let you fly indefinitely. [Gargoyle growth]
 27404 | Lair:4   | Reached XP level 14. HP: 82/82 MP: 20/30
 27754 | Lair:4   | Found a staircase to the Shoals.
 28833 | Lair:5   | Found an ancient bone altar of Kikubaaqudgha.
 29039 | Lair:5   | Reached skill level 10 in Conjurations
 29920 | Lair:5   | Found a viscous altar of Jiyva.
 29920 | Lair:5   | Found a staircase to the Slime Pits.
 30958 | Lair:6   | Entered Level 6 of the Lair of Beasts
 31272 | Lair:6   | Identified Sif Muna's Collected Works on Talismans and Dislocation
 31577 | Lair:6   | Offered knowledge of Conjure Ball Lightning by Vehumet.
 32578 | Lair:5   | Reached skill level 13 in Spellcasting
 32877 | Lair:6   | Reached XP level 15. HP: 88/88 MP: 4/32
 33695 | Lair:6   | Offered knowledge of Ozocubu's Refrigeration by Vehumet.
 33734 | Lair:6   | Got an ancient copper ring
 33735 | Lair:6   | Identified the ring of the Marlin {MR+ AC+1 Dex+2} (You found it on level 6 of the Lair of Beasts)
 35787 | D:12     | Found Leosihib's General Store.
 35871 | D:12     | Noticed Fannar
 35877 | D:12     | Killed Fannar
 35985 | D:12     | Found Oreolar's Jewellery Shop.
 36043 | D:12     | Found Tisirerr's Food Boutique.
 36046 | D:12     | Found Gicseuts's Antique Weapon Boutique.
 36149 | D:12     | Found Mukhipn's Gadget Shop.
 38039 | D:13     | Offered knowledge of Orb of Destruction by Vehumet.
 38048 | D:13     | Learned a level 7 spell: Orb of Destruction
 38190 | D:13     | Found a gate to the Vaults.
 39163 | D:14     | Noticed Nessos
 39168 | D:14     | Killed Nessos
 39180 | D:14     | Got a flickering crystal amulet
 39220 | D:14     | Identified the amulet "Ydetzami" {Reflect MR+ Str-4 Int+3 SH+5 Stlth+} (You took it off Nessos on level 14 of the Dungeon)
 39568 | D:14     | Reached XP level 16. HP: 91/96 MP: 17/33
 39633 | D:14     | Found Wushaugi's Magic Scroll Shop.
 39672 | D:14     | Found Jagro's Food Shoppe.
 40276 | D:14     | Reached skill level 14 in Spellcasting
 40470 | D:14     | Found Woxuig's General Store.
 40737 | D:14     | Found Morerr's General Store.
 41131 | D:14     | Found Ushewog's Antique Weapon Emporium.
 41421 | D:15     | Entered Level 15 of the Dungeon
 42376 | D:14     | Offered knowledge of Delayed Fireball by Vehumet.
 42969 | D:15     | Learned a level 3 spell: Mephitic Cloud
 43211 | D:15     | Found a staircase to the Depths.
 43467 | D:15     | Noticed a golden dragon
 43469 | D:15     | a golden dragon changed into an alligator snapping turtle
 44247 | Orc:1    | Entered Level 1 of the Orcish Mines
 44600 | Orc:2    | Entered Level 2 of the Orcish Mines
 45418 | Orc:2    | Found Pekhom's Antique Armour Shoppe.
 45418 | Orc:2    | Found Cyity's General Store.
 46409 | Orc:2    | Found a roughly hewn altar of Beogh.
 46444 | Orc:2    | Offered knowledge of Poison Arrow by Vehumet.
 46895 | Orc:1    | Reached skill level 10 in Fighting
 47430 | Orc:2    | Bought a faintly humming robe for 142 gold pieces
 47430 | Orc:2    | Bought a glowing buckler for 262 gold pieces
 47430 | Orc:2    | Bought a robe for 17 gold pieces
 47432 | Orc:2    | Identified the +2 robe of Exclusion {Slay+3} (You bought it in a shop on level 2 of the Orcish Mines)
 47668 | Orc:2    | Reached ****** piety under Vehumet
 47872 | Orc:2    | Found Boamn's Jewellery Shoppe.
 48048 | Orc:2    | Found Poqilli's Antique Weapon Boutique.
 48053 | Orc:2    | Found a staircase to the Elven Halls.
 48423 | D:14     | Bought a meat ration for 70 gold pieces
 48423 | D:14     | Bought a bread ration for 70 gold pieces
 48423 | D:14     | Bought a meat ration for 70 gold pieces
 48423 | D:14     | Bought a meat ration for 70 gold pieces
 48423 | D:14     | Bought a bread ration for 70 gold pieces
 48423 | D:14     | Bought a beef jerky for 21 gold pieces
 48423 | D:14     | Bought 5 fruits for 105 gold pieces
 48423 | D:14     | Bought a bread ration for 70 gold pieces
 48423 | D:14     | Bought 2 fruits for 42 gold pieces
 48423 | D:14     | Bought a meat ration for 70 gold pieces
 48525 | D:14     | Reached skill level 10 in Fire Magic
 48525 | D:14     | Reached XP level 17. HP: 83/102 MP: 10/35
 48860 | Spider:1 | Entered Level 1 of the Spider Nest
 49215 | Spider:1 | Reached skill level 1 in Staves
 50310 | Spider:1 | Gained mutation: You passively map a small area around you. [potion of beneficial mutation]
 50870 | Spider:1 | Learned a level 6 spell: Poison Arrow
 50870 | Spider:1 | Reached skill level 15 in Spellcasting
 51713 | Spider:1 | Offered knowledge of Iron Shot by Vehumet.
 51722 | Spider:1 | Learned a level 6 spell: Iron Shot
 54052 | Spider:2 | Offered knowledge of Lehudib's Crystal Spear by Vehumet.
 54052 | Spider:2 | Offered knowledge of Fire Storm by Vehumet.
 54052 | Spider:2 | Offered knowledge of Chain Lightning by Vehumet.
 56239 | Spider:2 | Reached XP level 18. HP: 105/108 MP: 37/37
 56691 | Spider:3 | Noticed Roxanne
 56696 | Spider:3 | Killed Roxanne
 57930 | Spider:3 | Learned a level 5 spell: Bolt of Magma
 58550 | Spider:4 | Entered Level 4 of the Spider Nest
 60318 | Spider:3 | Reached skill level 16 in Spellcasting
 61459 | Spider:4 | Reached skill level 5 in Staves
 64119 | Spider:4 | Got a gossamer rune of Zot
 64474 | D:12     | Bought a beef jerky for 15 gold pieces
 64474 | D:12     | Bought a meat ration for 50 gold pieces
 64474 | D:12     | Bought a bread ration for 50 gold pieces
 64474 | D:12     | Bought a meat ration for 50 gold pieces
 64474 | D:12     | Bought a slice of pizza for 15 gold pieces
 64474 | D:12     | Bought a bread ration for 50 gold pieces
 64474 | D:12     | Bought a meat ration for 50 gold pieces
 64474 | D:12     | Bought a slice of pizza for 15 gold pieces
 64474 | D:12     | Bought a bread ration for 50 gold pieces
 64474 | D:12     | Bought a meat ration for 50 gold pieces
 64474 | D:12     | Bought a bread ration for 50 gold pieces
 64474 | D:12     | Bought a meat ration for 50 gold pieces
 64701 | Shoals:1 | Entered Level 1 of the Shoals
 65126 | Shoals:1 | Reached XP level 19. HP: 98/116 MP: 32/39
 65462 | Shoals:1 | Reached skill level 15 in Earth Magic
 66973 | Shoals:2 | Noticed Jorgrun
 66979 | Shoals:2 | Reached skill level 10 in Dodging
 66993 | Shoals:2 | Killed Jorgrun
 68263 | Shoals:2 | Got a twisted long sword
 68314 | Shoals:2 | Identified a +6 rod of ignition (14/14) (You took it off an orc on level 12 of the Dungeon)
 68315 | Shoals:2 | Identified the +7 long sword "Tineg" {freeze, rN+} (You found it on level 2 of the Shoals)
 69896 | Shoals:3 | Noticed Polyphemus
 69919 | Shoals:3 | Killed Polyphemus
 71151 | Shoals:4 | Entered Level 4 of the Shoals
 71341 | Shoals:4 | Noticed Ilsuiw
 71347 | Shoals:4 | Killed Ilsuiw
 72183 | Shoals:4 | Reached skill level 17 in Spellcasting
 73506 | Shoals:4 | Reached XP level 20. HP: 111/123 MP: 35/41
 74585 | Shoals:4 | Got a barnacled rune of Zot
 75734 | Depths:1 | Entered Level 1 of the Depths
 75852 | Vaults:1 | Entered Level 1 of the Vaults
 76472 | Vaults:1 | Noticed Aizul
 76505 | Vaults:1 | Killed Aizul
 79858 | Vaults:2 | Found a stormy altar of Qazlal.
 80263 | Vaults:1 | Reached XP level 21. HP: 130/130 MP: 21/42
 81904 | Vaults:2 | Noticed Bai Suzhen
 82317 | Vaults:2 | Found a staircase to the Crypt.
 82862 | Vaults:2 | Reached skill level 18 in Spellcasting
 82867 | Vaults:2 | Noticed Margery
 83213 | Vaults:2 | Found Hucvot's General Store.
 83218 | Vaults:2 | Bought a scroll of magic mapping for 49 gold pieces
 83736 | Vaults:2 | Killed Bai Suzhen
 84195 | Vaults:2 | Killed from afar by Margery

Skill      XL: |  1  2  3  4  5  6  7  8  9 10 11 12 13 14 15 16 17 18 19 20 21 |
---------------+----------------------------------------------------------------+-----
Spellcasting   | 3 4 5 6 7 9 10 11 12 13 14 15 16 17 18 | 18.1
Earth Magic    | 4 5 6 7 8 9 10 11 12 13 14 15 16 | 16.5
Conjurations   | 1 2 3 4 5 6 7 8 9 10 11 12 13 14 | 14.9
Fighting       | 1 3 4 6 7 8 9 10 11 12 13 | 13.7
Armour         | 1 3 4 6 7 8 |  8.0
Fire Magic     | 1 3 5 6 7 8 9 10 11 12 | 12.8
Maces & Flails | 1 2 4 5 6 7 8 |  8.9
Dodging        | 2 3 4 5 6 7 8 9 10 11 | 11.3
Staves         | 3 5 6 8 |  8.9
Stealth        | |  2.1
Transmutations | |  0.7

Action                   |  1- 3 |  4- 6 |  7- 9 | 10-12 | 13-15 | 16-18 | 19-21 || total
-------------------------+-------+-------+-------+-------+-------+-------+-------++-------
Melee: Short sword       |    57 |   160 |   367 |   473 |       |       |       ||  1057
       Club              |     7 |       |       |       |       |       |       ||     7
       Quarterstaff      |       |       |       |   213 |   126 |   928 |   427 ||  1694
       Staff             |       |       |       |       |    57 |     9 |    14 ||    80
 Cast: Sandblast         |    16 |    37 |     3 |       |     1 |     4 |       ||    61
       Stone Arrow       |       |     7 |    86 |   103 |   206 |   102 |    11 ||   515
       Lee's Rapid Decon |       |       |       |    13 |    33 |    34 |    14 ||    94
       Fireball          |       |       |       |    16 |   163 |   140 |   144 ||   463
       Bolt of Draining  |       |       |       |    29 |   193 |   186 |    71 ||   479
       Orb of Destructio |       |       |       |       |       |     8 |       ||     8
       Mephitic Cloud    |       |       |       |       |       |     3 |       ||     3
       Poison Arrow      |       |       |       |       |       |   195 |   326 ||   521
       Iron Shot         |       |       |       |       |       |    45 |    58 ||   103
       Bolt of Magma     |       |       |       |       |       |     8 |    25 ||    33
 Abil: Fly               |       |       |       |       |     1 |       |       ||     1
Evoke: Wand              |       |       |       |       |     1 |     8 |     8 ||    17
       Phantom mirror    |       |       |       |       |     1 |       |       ||     1
  Use: Scroll            |       |     9 |    12 |    11 |    13 |    14 |    16 ||    75
       Potion            |       |     2 |     1 |     3 |     6 |    16 |     5 ||    33
 Stab: Sleeping          |     3 |     1 |     3 |     5 |       |       |       ||    12
       Distracted        |       |       |       |       |       |       |     2 ||     2
  Eat: Chunk             |     3 |    10 |     7 |    19 |    55 |    38 |    51 ||   183
       Beef jerky        |       |       |     3 |       |     1 |     4 |     2 ||    10
       Pizza             |       |       |     1 |     1 |     1 |       |     2 ||     5
       Bread ration      |       |       |     3 |     4 |     4 |    12 |     6 ||    29
       Royal jelly       |       |       |       |     1 |       |       |     1 ||     2
       Meat ration       |       |       |       |     1 |     1 |     3 |       ||     5
       Fruit             |       |       |       |       |    10 |     7 |     4 ||    21
Armor: Robe              |    15 |    90 |   270 |   425 |   166 |   939 |   343 ||  2248
       Skin              |       |       |       |       |       |       |     1 ||     1
Dodge: Dodged            |    36 |   137 |   271 |   464 |   241 |  1193 |   428 ||  2770
Block: Other             |       |       |       |    75 |    41 |   202 |    75 ||   393
       Reflection        |       |       |       |     1 |     2 |     1 |    13 ||    17
